 Dungeon Crawl Stone Soup version 0.29.1-12-g30fa7ad0bf (webtiles) character file.

Game seed: 6691585771071406803

69 arthad the Digger (level 4, -8/24 HPs)
             Began as a Gargoyle Earth Elementalist on Dec 31, 2022.
             Killed from afar by an orc wizard (11 damage)
             ... with a puff of flame
             ... on level 3 of the Dungeon.
             The game lasted 00:05:40 (1994 turns).

arthad the Digger (Gargoyle Earth Elementalist)     Turns: 1994, Time: 00:05:40

Health: -8/24      AC:  5    Str: 11    XL:     4   Next: 20%
Magic:  6/7        EV: 12    Int: 18    God:
Gold:   72         SH:  0    Dex: 10    Spells: 2/7 levels left

rFire   . . .      SeeInvis .   (no weapon)
rCold   . . .      Faith    .   (no shield)
rNeg    + . .      Spirit   .   a - +0 robe
rPois   ∞          Reflect  .   (no helmet)
rElec   +          Harm     .   (no cloak)
rCorr   .          Rampage  .   (no gloves)
Will    .....                   (no boots)
Stlth   ++........              g - amulet of regeneration
HPRegen 0.88/turn               (no ring)
MPRegen 0.10/turn               (no ring)

@: no status effects
A: sickness immunity, AC +3, negative energy resistance 1, electricity
resistance, torment resistance 1, petrification resistance
a: no special abilities


You were on level 3 of the Dungeon.
You visited 1 branch of the dungeon, and saw 3 of its levels.

You collected 72 gold pieces.

Inventory:

Missiles
 h - 6 poisoned darts
Armour
 a - a +0 robe (worn)
Jewellery
 g - an amulet of regeneration (around neck)
Scrolls
 c - 3 scrolls of identify {unknown}
 d - a scroll of immolation {unknown}
 e - 2 scrolls of vulnerability {unknown}
 f - a scroll of acquirement {unknown}
 l - a scroll of poison {unknown}
 m - 2 scrolls of teleportation {unknown}
Potions
 b - a potion of magic
 i - a potion of berserk rage {unknown}
 j - a potion of haste {unknown}
 k - a potion of curing {unknown}


   Skills:
 + Level 0.6 Fighting
 + Level 0.8 Armour
 + Level 1.8 Dodging
 * Level 3.0 Stealth
 * Level 2.4 Spellcasting
 + Level 1.1 Transmutations
 * Level 4.2 Earth Magic
 + Level 0.5 Poison Magic


You had 2 spell levels left.
You knew the following spells:

 Your Spells              Type           Power      Damage    Failure   Level
a - Sandblast             Erth           34%        2d9       3%          1
b - Poisonous Vapours     Pois/Air       6%         N/A       24%         2
c - Passwall              Tmut/Erth      9%         N/A       9%          2

Your spell library contained the following spells:

 Spells                   Type           Power      Damage    Failure   Level
 Stone Arrow              Conj/Erth      18%        3d8       22%         3
 Ignite Poison            Fire/Tmut/Pois 4%         N/A       38%         3
 Conjure Flame            Conj/Fire      2%         6-21      45%         3
 Petrify                  Tmut/Erth      11%        N/A       50%         4
 Corpse Rot               Necr/Pois/Air  2%         N/A       85%         4
 Sticky Flame             Conj/Fire      2%         2d3       86%         4


Dungeon Overview and Level Annotations

Branches:
Dungeon (3/15)

Altars:

Shops:
D:1 [


Innate Abilities, Weirdness & Mutations

You are immune to sickness and miasma.
Your stone body is resilient. (AC +3)
You are immune to poison.
You resist negative energy. (rN+)
You are resistant to electric shocks. (rElec)
You are resistant to unholy torment.
You are immune to petrification.


Message History

Nothing appears to happen.
The goblin completely misses you.
The blast of sand hits the goblin!
You kill the goblin!
Things that are here:
a +0 dagger; a goblin corpse You start resting.
Your magical contamination has completely faded away.
You start resting.
Magic restored.
An orc wizard comes into view. It is wielding a +0 dagger.
The orc wizard shouts!
An orc priest comes into view. It is wielding a +0 falchion.
The orc wizard gestures at you while chanting.
The puff of flame hits you.
The orc priest shouts!
You hear a shout!
The orc priest mumbles some strange prayers to Beogh against you.
Beogh smites you!
A hobgoblin comes into view.
An orc comes into view. It is wielding a +0 hand axe.
The orc shouts!
You are too injured to fight recklessly!
Aiming: Sandblast (safe; 3% risk of failure)
Press: ? - help, Q - select action, (/) - cycle Shift-Dir - straight line, f - orc wizard
Aim: an orc wizard, wielding a +0 dagger and wearing a +0 robe (77% to hit)
The blast of sand hits the orc wizard.
The orc wizard is heavily wounded.
The orc wizard casts a spell at you.
You are confused.
Unknown command.
The orc wizard casts a spell at you. You resist with some effort.
The orc priest invokes the aid of Beogh against you.
Beogh smites you!
Ouch! That really hurt!
* * * LOW HITPOINT WARNING * * *
You feel less confused.
The orc wizard points at you and mumbles some strange words.
The puff of flame hits you!
You die...

#.. ######o#
#......#
#......# #
#....g.####.##
###..oo.<.....
#.†.........
#.)....(.#..
#.@......#
#........#
#........#
#........#
#........#
##########


You could see an orc priest, an orc wizard, an orc and a hobgoblin.

Vanquished Creatures
  2 adders (D:2)
  A worm (D:2)
  2 dart slugs (D:2)
  3 ball pythons (D:1)
  3 endoplasms
  3 giant cockroaches (D:2)
  3 goblins
  5 hobgoblins
  A quokka (D:3)
  5 bats
  5 frilled lizards
  6 kobolds
  5 rats
44 creatures vanquished.

Notes
Turn   | Place    | Note
-------+----------+-------------------------------------------
     0 | D:1      | arthad the Gargoyle Earth Elementalist began the quest for
                  | the Orb.
     0 | D:1      | Reached XP level 1. HP: 10/10 MP: 3/3
    17 | D:1      | Found Igek's Antique Armour Boutique.
   198 | D:1      | Reached XP level 2. HP: 15/15 MP: 3/5
   430 | D:1      | Found a faded altar of an unknown god.
   711 | D:1      | Learned a level 2 spell: Poisonous Vapours
   726 | D:1      | Reached skill level 4 in Earth Magic
  1052 | D:2      | Reached skill level 1 in Transmutations
  1052 | D:2      | Reached XP level 3. HP: 20/20 MP: 0/6
  1055 | D:2      | Learned a level 2 spell: Passwall
  1564 | D:2      | Reached XP level 4. HP: 24/24 MP: 4/7
  1994 | D:3      | Killed from afar by an orc wizard

Illustrated notes

Levels and vault maps discovered:
D:1:      shiori_shiawase, layout_loops_ring, nicolae_ecumenical_lake_church,
          serial_shops, shop
D:2:      layout_loops_ring, chequers_arboretum, minmay_misc_feat_room,
          chequers_garden
D:3:      layout_basic, mainiacjoe_overflow_paths

Skill      XL: |  1  2  3 |
---------------+----------+-----
Earth Magic    | 4 |  4.2
Transmutations | 1 |  1.1
Stealth        | 3 |  3.0
Fighting       | |  0.6
Armour         | |  0.8
Dodging        | |  1.8
Spellcasting   | |  2.4
Poison Magic   | |  0.5

Action                   |  1- 3 |  4- 6 || total
-------------------------+-------+-------++-------
Melee: Unarmed           |     7 |       ||     7
 Cast: Sandblast         |    59 |    12 ||    71
Armor: Robe              |     3 |       ||     3
Dodge: Dodged            |    24 |     1 ||    25
